TOP OF THE 1ST |
Buchanan HS batting - Pitching for Bishop Gorman HS : RHP Armando Rodríguez
|
Pitching: RHP Armando Rodríguez
|
|
Batting: SHB Ken Gibson
|
0-0: Foul Ball, location: 2F 0-1: Ball 1-1: Ball 2-1: Called Strike 2-2: Foul Ball, location: 2F 2-2: Foul Ball, location: 2F 2-2: Ball 3-2: Foul Ball, location: 2F 3-2: Base on Balls
|
Batting: RHB Dave Sawyer
|
0-0: Foul Ball, location: 2F 0-1: Called Strike 0-2: Ball 1-2: Ball 2-2: Strikes out swinging
|
Batting: RHB Ken Miller
|
0-0: Foul Ball, location: 2F 0-1: Grounds into double play, 6-4-3 (Groundball, 6)
|
Top of the 1st over - 0 run(s), 0 hit(s), 0 error(s), 0 left on base; Buchanan HS 0 - Bishop Gorman HS 0 |
BOTTOM OF THE 1ST |
Bishop Gorman HS batting - Pitching for Buchanan HS : RHP Mark Cox
|
Pitching: RHP Mark Cox
|
|
Batting: LHB Zhen-bang Rao
|
0-0: SINGLE (Flyball, 9LM)
|
Batting: RHB Bryan Martínez
|
0-0: Ball 1-0: Ball Zhen-bang Rao steals 2nd base 2-0: Swinging Strike 2-1: Foul Ball, location: 2F 2-2: SINGLE (Line Drive, 89M) Zhen-bang Rao to third
|
Batting: RHB Gary Robinson
|
0-0: Called Strike 0-1: Ball 1-1: Swinging Strike 1-2: Foul Ball, location: 2F 1-2: Foul Ball, location: 2F 1-2: Foul Ball, location: 2F 1-2: Ball 2-2: Ball Wild Pitch! Zhen-bang Rao scores Bryan Martínez to second 3-2: Strikes out swinging
|
Batting: LHB Jean-Sébastien Beaudin
|
0-0: Ball 1-0: Foul Ball, location: 2F 1-1: Foul Ball, location: 2F 1-2: Ball 2-2: Ball 3-2: Ground out 4-3 (Groundball, 4M) Bryan Martínez to third
|
Batting: RHB Max Kimball
|
0-0: Ball 1-0: Called Strike 1-1: Called Strike 1-2: Fly out, F8 (Line Drive, 8LM)
|
Bottom of the 1st over - 1 run(s), 2 hit(s), 0 error(s), 1 left on base; Buchanan HS 0 - Bishop Gorman HS 1 |
TOP OF THE 2ND |
Buchanan HS batting - Pitching for Bishop Gorman HS : RHP Armando Rodríguez
|
Batting: RHB Jason Stover
|
0-0: Fly out, F8 (Flyball, 8RM)
|
Batting: RHB Ryan Lyon
|
0-0: DOUBLE (Line Drive, 78M)
|
Batting: RHB Allen Miller
|
0-0: Called Strike Ryan Lyon steals 3rd base 0-1: Ground out 6-3 (Groundball, 6M) Ryan Lyon scores
|
Batting: RHB Eugene Logan
|
0-0: Ball 1-0: Fly out, F8 (Flyball, 78M)
|
Top of the 2nd over - 1 run(s), 1 hit(s), 0 error(s), 0 left on base; Buchanan HS 1 - Bishop Gorman HS 1 |
BOTTOM OF THE 2ND |
Bishop Gorman HS batting - Pitching for Buchanan HS : RHP Mark Cox
|
Batting: RHB Steve Murphy
|
0-0: Called Strike 0-1: Called Strike 0-2: Strikes out swinging
|
Batting: LHB Jack Jefferson
|
0-0: Ball 1-0: Ground out 4-3 (Groundball, 34)
|
Batting: RHB Andy Johnston
|
0-0: Ball 1-0: Foul Ball, location: 2F 1-1: Foul Ball, location: 2F 1-2: Foul Ball, location: 2F 1-2: Ball 2-2: Fly out, F9 (Flyball, 9LM)
|
Bottom of the 2nd over - 0 run(s), 0 hit(s), 0 error(s), 0 left on base; Buchanan HS 1 - Bishop Gorman HS 1 |
TOP OF THE 3RD |
Buchanan HS batting - Pitching for Bishop Gorman HS : RHP Armando Rodríguez
|
Batting: RHB Michael Elliott
|
0-0: SINGLE (Flyball, 78S)
|
Batting: RHB Ernie Ross
|
0-0: Ball 1-0: Ball 2-0: Swinging Strike 2-1: Ball 3-1: Foul Ball, location: 2F 3-2: Strikes out swinging
|
Batting: SHB Ken Gibson
|
0-0: Ball Michael Elliott steals 2nd base 1-0: Swinging Strike 1-1: Ground out 3-1 (Groundball, 3) Michael Elliott to third
|
Batting: RHB Dave Sawyer
|
0-0: Ball 1-0: Called Strike 1-1: Ground out 5-3 (Groundball, 5S)
|
Top of the 3rd over - 0 run(s), 1 hit(s), 0 error(s), 1 left on base; Buchanan HS 1 - Bishop Gorman HS 1 |
BOTTOM OF THE 3RD |
Bishop Gorman HS batting - Pitching for Buchanan HS : RHP Mark Cox
|
Batting: LHB Bill Green
|
0-0: Fly out, F8 (Flyball, 89XD)
|
Batting: LHB Zhen-bang Rao
|
0-0: Fly out, F7 (Flyball, 7M)
|
Batting: RHB Bryan Martínez
|
0-0: Ball 1-0: Ball 2-0: Ball 3-0: Base on Balls
|
Batting: RHB Gary Robinson
|
0-0: Ball 1-0: Reached on error, E6 (Groundball, 6M) Bryan Martínez to second
|
Batting: LHB Jean-Sébastien Beaudin
|
0-0: TRIPLE (Flyball, 8RM) Bryan Martínez scores Gary Robinson scores
|
Batting: RHB Max Kimball
|
0-0: Ball 1-0: SINGLE (Groundball, 56D) Jean-Sébastien Beaudin scores
|
Batting: RHB Steve Murphy
|
0-0: Ball 1-0: Foul Ball, location: 2F 1-1: Fielders Choice at 2nd, 6-4 (Groundball, 6)
|
Bottom of the 3rd over - 3 run(s), 2 hit(s), 1 error(s), 0 left on base; Buchanan HS 1 - Bishop Gorman HS 4 |
TOP OF THE 4TH |
Buchanan HS batting - Pitching for Bishop Gorman HS : RHP Armando Rodríguez
|
Batting: RHB Ken Miller
|
0-0: Ground out 4-3 (Groundball, 4M)
|
Batting: RHB Jason Stover
|
0-0: Foul Ball, location: 2F 0-1: Called Strike 0-2: Ball 1-2: Foul Ball, location: 2F 1-2: SINGLE (Groundball, 5L)
|
Batting: RHB Ryan Lyon
|
0-0: Ball 1-0: Called Strike 1-1: Foul Ball, location: 2F 1-2: Foul Ball, location: 2F 1-2: Ball 2-2: Reached on error, E5 (Groundball, 5S) Jason Stover to third
|
Batting: RHB Allen Miller
|
0-0: Called Strike 0-1: Ball 1-1: Ball 2-1: Swinging Strike 2-2: Strikes out swinging
|
Batting: RHB Eugene Logan
|
0-0: Swinging Strike 0-1: Ball 1-1: Ball 2-1: Swinging Strike 2-2: Strikes out swinging
|
Top of the 4th over - 0 run(s), 1 hit(s), 1 error(s), 2 left on base; Buchanan HS 1 - Bishop Gorman HS 4 |
BOTTOM OF THE 4TH |
Bishop Gorman HS batting - Pitching for Buchanan HS : RHP Mark Cox
|
Batting: LHB Jack Jefferson
|
0-0: Foul Ball, location: 2F 0-1: Ball 1-1: Ball 2-1: Swinging Strike 2-2: Ball 3-2: Base on Balls
|
Batting: RHB Andy Johnston
|
0-0: Ball 1-0: Called Strike 1-1: Ball 2-1: Ball 3-1: Foul Ball, location: 2F 3-2: Base on Balls Jack Jefferson to second
|
Batting: LHB Bill Green
|
0-0: SINGLE (Flyball, 89S) Jack Jefferson to third Andy Johnston to second Runner from 3rd tries for Home, SAFE, throw made home
|
Batting: LHB Zhen-bang Rao
|
0-0: Called Strike 0-1: Called Strike 0-2: Fly out, F7 (Line Drive, 7M)
|
Batting: RHB Bryan Martínez
|
0-0: Foul Ball, location: 2F 0-1: Fly out, F8 (Flyball, 8RM)
|
Batting: RHB Gary Robinson
|
0-0: Fly out, F9 (Flyball, 89M)
|
Bottom of the 4th over - 1 run(s), 1 hit(s), 0 error(s), 2 left on base; Buchanan HS 1 - Bishop Gorman HS 5 |
TOP OF THE 5TH |
Buchanan HS batting - Pitching for Bishop Gorman HS : RHP Armando Rodríguez
|
Batting: RHB Michael Elliott
|
0-0: Ground out 1-3 (Groundball, 23)
|
Batting: RHB Ernie Ross
|
0-0: Foul Ball, location: 2F 0-1: Swinging Strike 0-2: Foul Ball, location: 2F 0-2: Strikes out swinging
|
Batting: SHB Ken Gibson
|
0-0: Called Strike 0-1: Ball 1-1: Ball 2-1: Called Strike 2-2: Strikes out looking
|
Top of the 5th over - 0 run(s), 0 hit(s), 0 error(s), 0 left on base; Buchanan HS 1 - Bishop Gorman HS 5 |
BOTTOM OF THE 5TH |
Bishop Gorman HS batting - Pitching for Buchanan HS : RHP Mark Cox
|
Batting: LHB Jean-Sébastien Beaudin
|
0-0: Called Strike 0-1: Ball 1-1: Ball 2-1: Foul Ball, location: 2F Error on foul ball, E2 2-2: SOLO HOME RUN (Flyball, 8LXD), Distance : 426 ft
|
Batting: RHB Max Kimball
|
0-0: Called Strike 0-1: Swinging Strike 0-2: Ball 1-2: Foul Ball, location: 2F 1-2: Foul Ball, location: 2F 1-2: Ground out 6-3 (Groundball, 6)
|
Pitching: RHP Mark Harris
|
|
Batting: RHB Steve Murphy
|
0-0: Called Strike 0-1: Ball 1-1: Ball 2-1: Ball 3-1: Base on Balls
|
Batting: LHB Jack Jefferson
|
0-0: Called Strike 0-1: Called Strike 0-2: Foul Ball, location: 2F 0-2: Foul Ball, location: 2F 0-2: Ball Steve Murphy steals 2nd base
|
|
|
|
1-2: Strikes out looking
|
Batting: RHB Andy Johnston
|
0-0: 2-RUN HOME RUN (Line Drive, 7D), Distance : 366 ft
|
Batting: LHB Bill Green
|
0-0: Ball 1-0: Called Strike 1-1: Ball 2-1: Ball 3-1: Foul Ball, location: 2F 3-2: Reached on error, E1 (Groundball, 15)
|
Batting: LHB Zhen-bang Rao
|
0-0: Ball 1-0: Called Strike 1-1: Ball 2-1: Ball 3-1: Swinging Strike 3-2: SINGLE (Line Drive, 4M) Bill Green to third Bill Green scores
|
Batting: RHB Bryan Martínez
|
0-0: Called Strike 0-1: Foul Ball, location: 2F 0-2: Ball 1-2: Foul Ball, location: 2F 1-2: Foul Ball, location: 2F 1-2: Foul Ball, location: 2F 1-2: Ball 2-2: SINGLE (Line Drive, 78S) Zhen-bang Rao to second
|
Batting: RHB Gary Robinson
|
0-0: Ball Wild Pitch! Zhen-bang Rao to third Bryan Martínez to second 1-0: Ball 2-0: Ball 3-0: Called Strike 3-1: Base on Balls
|
Batting: LHB Jean-Sébastien Beaudin
|
0-0: Ball 1-0: Ball 2-0: Ball 3-0: Called Strike 3-1: Base on Balls Zhen-bang Rao scores Bryan Martínez to third Gary Robinson to second
|
Batting: RHB Max Kimball
|
0-0: Ball 1-0: Ball 2-0: Ball 3-0: Called Strike 3-1: Foul Ball, location: 2F 3-2: Base on Balls Bryan Martínez scores Gary Robinson to third Jean-Sébastien Beaudin to second
|
Pitching: LHP Brad Bush
|
|
Batting: RHB Steve Murphy
|
0-0: Fly out, F9 (Flyball, 89M)
|
Bottom of the 5th over - 6 run(s), 4 hit(s), 2 error(s), 3 left on base; Buchanan HS 1 - Bishop Gorman HS 11 |
TOP OF THE 6TH |
Buchanan HS batting - Pitching for Bishop Gorman HS : RHP Armando Rodríguez
|
Batting: RHB Dave Sawyer
|
0-0: Fly out, F3 (Line Drive, 3S)
|
Batting: RHB Ken Miller
|
0-0: Ball 1-0: Ball 2-0: Ball 3-0: Base on Balls
|
Batting: RHB Jason Stover
|
0-0: Ball 1-0: Ball 2-0: Ball 3-0: Called Strike 3-1: Fly out, F8 (Flyball, 8RM)
|
Batting: RHB Ryan Lyon
|
0-0: 2-RUN HOME RUN (Flyball, 7LD), Distance : 338 ft
|
Batting: RHB Allen Miller
|
0-0: Ball 1-0: Ball 2-0: Fly out, F4 (Line Drive, 4)
|
Top of the 6th over - 2 run(s), 1 hit(s), 0 error(s), 0 left on base; Buchanan HS 3 - Bishop Gorman HS 11 |
BOTTOM OF THE 6TH |
Bishop Gorman HS batting - Pitching for Buchanan HS : LHP Brad Bush
|
Batting: LHB Jack Jefferson
|
0-0: Ball 1-0: Foul Ball, location: 2F 1-1: Ball 2-1: Ball 3-1: Foul Ball, location: 2F 3-2: Foul Ball, location: 2F 3-2: Foul Ball, location: 2F 3-2: Foul Ball, location: 2F 3-2: Strikes out swinging
|
Batting: RHB Andy Johnston
|
0-0: Ball 1-0: Called Strike 1-1: Ball 2-1: Called Strike 2-2: SOLO HOME RUN (Flyball, 7D), Distance : 383 ft
|
Batting: LHB Bill Green
|
0-0: Swinging Strike 0-1: Ball 1-1: Ball 2-1: Foul Ball, location: 2F 2-2: Ball 3-2: Fly out, F6 (Popup, 5DF)
|
Batting: LHB Zhen-bang Rao
|
0-0: Ball 1-0: Ball 2-0: Swinging Strike 2-1: Called Strike 2-2: Strikes out swinging
|
Bottom of the 6th over - 1 run(s), 1 hit(s), 0 error(s), 0 left on base; Buchanan HS 3 - Bishop Gorman HS 12 |
TOP OF THE 7TH |
Buchanan HS batting - Pitching for Bishop Gorman HS : RHP Armando Rodríguez
|
Pitching: RHP Tom Newton
|
|
Batting: RHB Eugene Logan
|
0-0: Fly out, F6 (Popup, 6)
|
Batting: RHB Michael Elliott
|
0-0: Called Strike 0-1: Ball 1-1: Ball 2-1: Called Strike 2-2: Strikes out swinging
|
Batting: RHB Ernie Ross
|
0-0: Ball 1-0: Fly out, F8 (Flyball, 8LM)
|
Top of the 7th over - 0 run(s), 0 hit(s), 0 error(s), 0 left on base; Buchanan HS 3 - Bishop Gorman HS 12 |
BOTTOM OF THE 7TH |
Bishop Gorman HS batting - Pitching for Buchanan HS : LHP Brad Bush
|
Batting: RHB Bryan Martínez
|
0-0: Ball 1-0: Foul Ball, location: 2F 1-1: Ball 2-1: Ball 3-1: Foul Ball, location: 2F 3-2: Strikes out swinging
|
Batting: RHB Gary Robinson
|
0-0: Called Strike 0-1: Ball 1-1: Ball 2-1: Ground out 1-3 (Groundball, 15S)
|
Batting: LHB Jean-Sébastien Beaudin
|
0-0: Ball 1-0: Foul Ball, location: 2F 1-1: Swinging Strike 1-2: Foul Ball, location: 2F 1-2: SINGLE (Line Drive, 89S)
|
Batting: RHB Max Kimball
|
0-0: Ball Jean-Sébastien Beaudin steals 2nd base 1-0: Ball 2-0: SINGLE (Line Drive, 9S) Jean-Sébastien Beaudin to third
|
Batting: RHB Steve Murphy
|
0-0: Ball 1-0: Foul Ball, location: 2F 1-1: Ball 2-1: Foul Ball, location: 2F 2-2: Ball 3-2: Strikes out swinging
|
Bottom of the 7th over - 0 run(s), 2 hit(s), 0 error(s), 2 left on base; Buchanan HS 3 - Bishop Gorman HS 12 |
TOP OF THE 8TH |
Buchanan HS batting - Pitching for Bishop Gorman HS : RHP Tom Newton
|
Now at SS: Kent Bannatyne
|
|
Now in CF: Darren Ramsey
|
|
Batting: SHB Ken Gibson
|
0-0: Called Strike 0-1: Ball 1-1: Hit by Pitch
|
Batting: RHB Dave Sawyer
|
0-0: Swinging Strike 0-1: Ball 1-1: Ball 2-1: Swinging Strike 2-2: Foul Ball, location: 2F 2-2: Ball 3-2: Base on Balls Ken Gibson to second
|
Batting: RHB Ken Miller
|
0-0: Reached on error, E6 (Groundball, 6) Ken Gibson to third Dave Sawyer to second
|
Batting: RHB Jason Stover
|
0-0: Foul Ball, location: 2F 0-1: Swinging Strike 0-2: Ball 1-2: Foul Ball, location: 2F 1-2: Foul Ball, location: 2F 1-2: Foul Ball, location: 2F 1-2: Fly out, F8 (Flyball, 8LM) Runner from 3rd tags up, SCORES, no throw
|
Batting: RHB Ryan Lyon
|
0-0: Ball 1-0: Called Strike 1-1: SINGLE (Groundball, 34D) Dave Sawyer to third Ken Miller to second Runner from 3rd tries for Home, SAFE, no throw or cutoff
|
Batting: RHB Allen Miller
|
0-0: Called Strike 0-1: Ball 1-1: Ball 2-1: Ball 3-1: Called Strike 3-2: Foul Ball, location: 2F 3-2: Base on Balls Ken Miller to third Ryan Lyon to second
|
Batting: RHB Eugene Logan
|
0-0: Called Strike 0-1: Foul Ball, location: 2F 0-2: Foul Ball, location: 2F 0-2: GRAND SLAM HOME RUN (Flyball, 7D), Distance : 375 ft
|
Pitching: LHP Miguel Aragón
|
|
Batting: RHB Michael Elliott
|
0-0: Ball 1-0: Called Strike 1-1: Ball 2-1: Ball 3-1: Foul Ball, location: 2F 3-2: SINGLE (Groundball, 56)
|
Pitching: RHP Jon Glass
|
|
Batting: RHB Ernie Ross
|
0-0: Called Strike 0-1: Swinging Strike 0-2: Foul Ball, location: 2F 0-2: Ball 1-2: Ball 2-2: Strikes out swinging
|
Batting: SHB Ken Gibson
|
0-0: Ball 1-0: Foul Ball, location: 2F 1-1: Ball 2-1: Fielders Choice at 2nd, 6-4 (Groundball, 6)
|
Top of the 8th over - 6 run(s), 3 hit(s), 1 error(s), 0 left on base; Buchanan HS 9 - Bishop Gorman HS 12 |
BOTTOM OF THE 8TH |
Bishop Gorman HS batting - Pitching for Buchanan HS : LHP Brad Bush
|
Batting: LHB Jack Jefferson
|
0-0: Ball 1-0: Foul Ball, location: 2F 1-1: Foul Ball, location: 2F 1-2: Ball 2-2: Fly out, F6 (Popup, 6MD)
|
Pitching: RHP Ramón Rivera
|
|
Batting: RHB Andy Johnston
|
0-0: Fly out, F8 (Flyball, 8RM)
|
Batting: LHB Bill Green
|
0-0: Called Strike 0-1: Swinging Strike 0-2: Ball 1-2: Ball 2-2: Strikes out swinging
|
Bottom of the 8th over - 0 run(s), 0 hit(s), 0 error(s), 0 left on base; Buchanan HS 9 - Bishop Gorman HS 12 |
TOP OF THE 9TH |
Buchanan HS batting - Pitching for Bishop Gorman HS : RHP Jon Glass
|
Pitching: LHP Miguel Suárez
|
|
Batting: RHB Dave Sawyer
|
0-0: SINGLE (Flyball, 7S)
|
Batting: RHB Ken Miller
|
0-0: Ball 1-0: Fly out, F8 (Flyball, 8RM)
|
Batting: RHB Jason Stover
|
0-0: Foul Ball, location: 2F 0-1: Called Strike 0-2: Ball 1-2: Ball 2-2: Ball 3-2: SINGLE (Line Drive, 89S) Dave Sawyer to second
|
Batting: RHB Ryan Lyon
|
0-0: Ball 1-0: Ball 2-0: Called Strike 2-1: Ball 3-1: SINGLE (Groundball, 56D) Dave Sawyer to third Jason Stover to second
|
Batting: RHB Allen Miller
|
0-0: Fly out, F3 (Popup, 3SF)
|
Batting: RHB Eugene Logan
|
0-0: Ball 1-0: Called Strike 1-1: Foul Ball, location: 2F 1-2: Strikes out swinging
|
Top of the 9th over - 0 run(s), 3 hit(s), 0 error(s), 3 left on base; Buchanan HS 9 - Bishop Gorman HS 12 |
|
|